 Dungeon Crawl Stone Soup version 0.17-b1-15-g0f5fb43 (webtiles) character file.

2157 Arkorax the Fighter (level 9, 0/105 HPs)
             Began as an Ogre Berserker on Nov 3, 2015.
             Was an Elder of Trog.
             Slain by a killer bee (9 damage)
             ... on level 7 of the Dungeon.
             The game lasted 00:17:40 (7634 turns).

Arkorax the Fighter (Ogre Berserker)                Turns: 7634, Time: 00:17:40

Health: 0/105      AC:  3    Str: 30    XL:     9   Next: 31%
Magic:  9/9        EV: 10    Int:  6    God:    Trog [****..]
Gold:   269        SH:  0    Dex:  9    Spells: 0 memorised, 8 levels left

rFire  . . .     SeeInvis .     y - +1 battleaxe "Gyquem" {freeze, *Drain rPois rC++ Str+3} (curse)
rCold  + + .     Clarity  .     q - +0 robe
rNeg   . . .     SustAt   .     (shield currently unavailable)
rPois  +         Gourm    .     (helmet restricted)
rElec  .         Spirit   .     (no cloak)
rCorr  .         Warding  .     (gloves unavailable)
rMut   .         Stasis   .     (boots unavailable)
MR     +....                    (no amulet)
Stlth  +.........               E - ring of invisibility
                                D - ring of protection from magic

@: about to teleport, somewhat resistant to hostile enchantments, very
unstealthy
A: unfitting armour, tough skin 1
a: Berserk, Trog's Hand, Brothers in Arms, Burn Spellbooks, Renounce Religion,
Evoke Invisibility


You were on level 7 of the Dungeon.
You worshipped Trog.
Trog was greatly pleased with you.
You were very hungry.

You visited 1 branch of the dungeon, and saw 7 of its levels.

You collected 269 gold pieces.

Inventory:

Hand Weapons
 a - a +0 giant spiked club
 y - the cursed +1 battleaxe "Gyquem" (weapon) {freeze, *Drain rPois rC++ Str+3}
   (You found it on level 6 of the Dungeon)

   It has been specially enchanted to freeze those struck by it, causing extra
   injury to most foes and up to half again as much damage against particularly
   susceptible opponents.
   It can also slow down cold-blooded creatures.
   It affects your strength (+3).
   It greatly protects you from cold.
   It protects you from poison.
   It causes draining when unequipped.
   It has a curse placed upon it.
 B - a +1 mace of protection
Missiles
 z - 107 stones (quivered)
 F - 5 large rocks
Armour
 q - a +0 robe (worn)
Jewellery
 D - a ring of protection from magic (left hand)
 E - a ring of invisibility (right hand)
Wands
 b - a wand of fire (8)
 j - a wand of invisibility (7)
 r - a wand of polymorph (13)
Scrolls
 e - a scroll of recharging {unknown}
 f - 4 scrolls of remove curse
 h - 2 scrolls of teleportation
 l - 5 scrolls of identify {unknown}
 m - a scroll of vulnerability {unknown}
 n - a scroll of amnesia {unknown}
 v - a scroll of random uselessness {unknown}
 A - a scroll of summoning {unknown}
Potions
 c - a potion of agility {unknown}
 d - a potion of mutation {unknown}
 g - 3 potions of heal wounds {unknown}
 i - a potion of cancellation {unknown}
 k - a potion of ambrosia {unknown}
 o - 2 potions of curing {unknown}
 s - 4 potions of might {unknown}
 u - a potion of magic {unknown}
 C - a potion of brilliance {unknown}
Comestibles
 p - a slice of pizza
 t - a royal jelly
 w - a bread ration
 x - 5 fruits


   Skills:
 + Level 11.6 Fighting
 - Level 0.4(4.2) Axes
 + Level 11.4(11.5) Maces & Flails
 - Level 2.6 Dodging


You had 8 spell levels left.
You didn't know any spells.

Dungeon Overview and Level Annotations

Branches:
Dungeon (7/15)             Temple (0/1) D:6

Altars:
Nemelex Xobeh
Sif Muna
Trog
Xom


Innate Abilities, Weirdness & Mutations

You are too large for most types of armour.
You have tough skin (AC +1).


Message History

You hit the yak. You freeze the yak.
The yak is lightly wounded.
The yak gores you but does no damage. The yak gores you!
* * * LOW HITPOINT WARNING * * *
Your skin stops crawling.
You feel less resistant to hostile enchantments.
Found 9 gold pieces.
A killer bee comes into view.
A killer bee comes into view.
The killer bee buzzes angrily.
You hear an angry buzzing noise.
The killer bee buzzes angrily.
The killer bee moves out of view.
The killer bee stings you but does no damage.
A killer bee comes into view.
You see here a yak corpse.
Read which item? (? for menu, Esc to quit)
As you read the scroll of teleportation, it crumbles to dust.
You feel strangely unstable.
The killer bee moves out of view.
The killer bee stings you!
You die...

.....##.##......
#.......#
#.###.#.# #..#Y# #
#.##.# ###
#.##.##.# ...
#...Y..?# [.#
####Y####...#
#####@#.<..#
#####...#y#.##...#
............# #.#
...#...#.### ..
#.##y.#.# .
#.....#.# #
#..##.#.#
.#.#.#.......#
...........###


You could see 2 yaks and 2 killer bees.

Vanquished Creatures
  4 yaks (D:7)
  2 water moccasins
  An ice beast (D:5)
  3 ogres
  Blork the orc (D:4)
  2 giant frogs
  5 wights (D:6)
  A crimson imp (D:6)
  A giant frog zombie (D:5)
  A hound (D:4)
  3 iguanas
  An orc priest (D:4)
  3 orc wizards
  3 worker ants
  4 gnolls (D:4)
  9 adders
  3 shadow imps
  6 worms
  3 giant geckos
  13 orcs
  6 giant cockroaches
  10 hobgoblins
  9 jackals
  14 kobolds
  2 quokkas
  3 ball pythons
  13 bats
  A giant gecko skeleton (D:4)
  3 giant newts
  3 goblins
  A jackal zombie (D:6)
  A quokka skeleton (D:5)
  10 rats
145 creatures vanquished.

Notes
Turn   | Place    | Note
--------------------------------------------------------------
     0 | D:1      | Arkorax the Ogre Berserker began the quest for the Orb.
     0 | D:1      | Reached XP level 1. HP: 24/24 MP: 1/1
   144 | D:1      | Reached XP level 2. HP: 26/33 MP: 2/2
   330 | D:1      | Reached ** piety under Trog
   385 | D:1      | Reached XP level 3. HP: 33/40 MP: 3/3
   844 | D:2      | Reached skill level 5 in Fighting
  1005 | D:2      | Reached skill level 5 in Maces & Flails
  1134 | D:2      | Found a sparkling altar of Nemelex Xobeh.
  1204 | D:2      | Reached XP level 4. HP: 40/50 MP: 4/4
  1430 | D:3      | HP: 2/52 [orc wizard/magic dart (8)]
  1442 | D:3      | HP: 1/52 [orc wizard/magic dart (7)]
  1467 | D:3      | Reached skill level 6 in Fighting
  1467 | D:3      | Reached XP level 5. HP: 21/59 MP: 5/5
  1680 | D:3      | Noticed a moth of wrath
  1683 | D:3      | Found a bloodstained altar of Trog.
  2237 | D:3      | Reached *** piety under Trog
  2309 | D:3      | Found a deep blue altar of Sif Muna.
  3118 | D:4      | Reached XP level 6. HP: 46/68 MP: 6/6
  3238 | D:4      | Noticed Blork the orc
  3247 | D:4      | Killed Blork the orc
  3247 | D:4      | Reached skill level 7 in Maces & Flails
  3682 | D:4      | Reached XP level 7. HP: 44/78 MP: 7/7
  3920 | D:4      | Reached skill level 8 in Maces & Flails
  3952 | D:4      | Got a twisted spear
  3953 | D:4      | Identified the cursed +0 spear "Ox" {pain, +Blink rF- Int+2 Dex+3} (You found it on level 4 of the Dungeon)
  4442 | D:5      | Entered Level 5 of the Dungeon
  5148 | D:5      | Found a shimmering altar of Xom.
  5566 | D:5      | Reached skill level 9 in Maces & Flails
  5567 | D:5      | Reached **** piety under Trog
  5703 | D:5      | Reached XP level 8. HP: 43/89 MP: 8/8
  6515 | D:6      | Reached skill level 10 in Maces & Flails
  6748 | D:6      | Got a shimmering battleaxe
  6750 | D:6      | Identified the cursed +1 battleaxe "Gyquem" {freeze, *Drain rPois rC++ Str+3} (You found it on level 6 of the Dungeon)
  7000 | D:6      | Reached skill level 10 in Fighting
  7501 | D:6      | Found a staircase to the Ecumenical Temple.
  7604 | D:7      | Reached skill level 11 in Maces & Flails
  7604 | D:7      | Reached XP level 9. HP: 86/102 MP: 9/9
  7619 | D:7      | HP: 5/105 [yak (17)]
  7634 | D:7      | Slain by a killer bee

Action                   |  1- 3 |  4- 6 |  7- 9 || total
-------------------------+-------+-------+-------++-------
Melee: Mace              |   117 |   171 |   130 ||   418
       Battleaxe         |       |       |    68 ||    68
Invok: Trog's Hand       |       |     3 |     1 ||     4
       Berserk           |       |     5 |     4 ||     9
  Use: Scroll            |       |       |     4 ||     4
  Eat: Chunk             |     1 |     4 |     2 ||     7
       Bread ration      |       |     2 |     1 ||     3
       Meat ration       |       |       |     2 ||     2
